 Dungeon Crawl Stone Soup version 0.25.1-2-g60ff931df9 (webtiles) character file.

Game seed: 3666905786030003797

1162 jfcaron the Covert (level 8, -2/46 HPs)
             Began as an Octopode Ice Elementalist on Sept 28, 2020.
             Was a Follower of Sif Muna.
             Shot with an arrow by a centaur (14 damage)
             ... on level 6 of the Dungeon.
             The game lasted 00:21:55 (5099 turns).

jfcaron the Covert (Octopode Ice Elementalist)      Turns: 5099, Time: 00:21:56

Health: -2/46      AC:  1    Str:  7    XL:     8   Next: 40%
Magic:  15/20      EV: 13    Int: 26    God:    Sif Muna [*.....]
Gold:   204        SH:  0    Dex: 15    Spells: 4/11 levels left

rFire    . . .     SeeInvis .   c - +0 dagger
rCold    . . .     Gourm    .   (no shield)
rNeg     . . .     Faith    .   (helmet restricted)
rPois    +         Spirit   .   (no amulet)
rElec    +         Reflect  .   r - ring of Calan {rElec rPois MP+9 Int+6 Dex+3}
rCorr    .         Harm     .   v - ring of poison resistance
MR       .....                  (no ring)
Stlth    +++++.....             (no ring)
HPRegen  0.15/turn              (no ring)
MPRegen  0.17/turn              (no ring)
                                (no ring)
                                (no ring)

@: frozen ramparts, very slightly contaminated
A: almost no armour, stealthy swim, amphibious, 8 rings, constrict 8, camouflage
1, gelatinous body 1
a: Channel Magic, Renounce Religion


You were on level 6 of the Dungeon.
You worshipped Sif Muna.
Sif Muna was aware of your devotion.
You were hungry.

You visited 2 branches of the dungeon, and saw 8 of its levels.

You collected 204 gold pieces.

Inventory:

Hand Weapons
 c - a +0 dagger (weapon)
 n - a +0 hunting sling
 o - a +2 short sword of draining
 s - a +1 dagger of electrocution
Missiles
 d - 147 stones
 j - 5 curare-tipped darts (quivered) {!f}
Jewellery
 r - the ring of Calan (left tentacle) {rElec rPois MP+9 Int+6 Dex+3}
   (You found it on level 4 of the Dungeon)

   [ring of intelligence]

   It affects your intelligence (+6).
   It affects your dexterity (+3).
   It insulates you from electricity.
   It protects you from poison.
   It affects your magic capacity (+9).
 v - a ring of poison resistance (right tentacle)
Wands
 q - a wand of polymorph (8)
Scrolls
 f - a scroll of remove curse
 i - a scroll of enchant weapon
 k - a scroll of fog
 l - 4 scrolls of teleportation
Potions
 h - a potion of curing
 m - a potion of brilliance
 p - a potion of flight
 t - a potion of mutation
Comestibles
 b - 8 rations


   Skills:
 - Level 2.0 Dodging
 - Level 10.0 Stealth
 - Level 2.0 Spellcasting
 - Level 8.0 Ice Magic
 + Level 1.2 Invocations


You had 4 spell levels left.
You knew the following spells:

 Your Spells              Type           Power        Failure   Level  Hunger
a - Freeze                Ice            ####         1%          1    None
b - Frozen Ramparts       Ice            #####.       1%          3    ###....
c - Ozocubu's Armour      Chrm/Ice       ###.....     6%          3    ###....

Your spell library contained the following spells:

 Spells                   Type           Power        Failure   Level  Hunger
 Hailstorm                Conj/Ice       ###.....     21%         4    ####...
 Summon Ice Beast         Ice/Summ       ###.....     21%         4    ####...


Dungeon Overview and Level Annotations

Branches:
Dungeon (7/15)             Temple (1/1) D:4

Altars:
Cheibriados
Elyvilon
Fedhas
Hepliaklqana
Makhleb
Nemelex Xobeh
Okawaru
Qazlal
Ru
Sif Muna
Trog
Vehumet
Wu Jian
Xom
Yredelemnul
The Shining One


Innate Abilities, Weirdness & Mutations

You cannot wear most types of armour.
You are very stealthy in the water. (Stealth+)
You are amphibious.
You can wear up to eight rings at the same time.
You can use your tentacles to constrict eight enemies at once.
Your skin changes colour to match your surroundings (Stealth+).
Your rubbery body absorbs attacks. (AC +1, EV +1)


Message History

The wall freezes the centaur.
The wall freezes the bullfrog.
The bullfrog seems to slow down.
The wall freezes the scorpion.
The wall freezes the ogre.
You kill the ogre!
Sif Muna accepts your kill.
You see here an arrow.
Unknown command.
Okay, then.
Unknown command.
The wall freezes the centaur!
The wall freezes the scorpion.
The wall freezes the bullfrog!
You kill the bullfrog!
Sif Muna accepts your kill.
Training target 10.0 for Stealth reached!
Your Stealth skill increases to level 10!
You need to enable at least one skill for training.
Your Invocations skill increases to level 1!
The wall freezes the centaur. x2; The centaur shoots an arrow.
The arrow hits you!
You die...

..........##.....###...#
...........#......##...#
......................##
#)...............##.###
#................##...
)..............#####.p.#
w...#..........# ...#
...##........c#####......
.#.w##......cs.(@....#..#.
≈≈...=......)##.#######..
≈≈≈.........)cw.#
≈≈≈...........w..
...(.....##.. .........#
### .......... .......)..


You could see 3 centaurs, a scorpion and 2 dart slugs.

Vanquished Creatures
  An orb spider (D:5)
  An orc warrior (D:6)
  2 slaves (D:5)
  An ogre (D:6)
  A bullfrog (D:6)
  A scorpion (D:5)
  A howler monkey (D:6)
  An orc priest (D:3)
  A hound (D:4)
  Jessica (D:2)
  3 orc wizards
  2 worker ants (D:4)
  4 adders
  A howler monkey skeleton (D:7)
  3 worms
  8 dart slugs
  A leopard gecko (D:3)
  20 orcs
  A ball python (D:4)
  6 bats
  3 giant cockroaches
  6 hobgoblins
  3 quokkas (D:3)
  4 frilled lizards
  15 goblins
  10 kobolds
  9 rats
110 creatures vanquished.

Notes
Turn   | Place    | Note
-------+----------+-------------------------------------------
     0 | D:1      | jfcaron the Octopode Ice Elementalist began the quest for
                  | the Orb.
     0 | D:1      | Reached XP level 1. HP: 11/11 MP: 3/3
   157 | D:1      | Reached skill level 3 in Stealth
   273 | D:1      | Reached XP level 2. HP: 15/17 MP: 1/5
  1160 | D:2      | Noticed Jessica
  1298 | D:2      | Killed Jessica
  1298 | D:2      | Reached skill level 4 in Stealth
  1298 | D:2      | Reached XP level 3. HP: 7/21 MP: 0/6
  1367 | D:2      | Reached XP level 4. HP: 15/27 MP: 3/7
  1372 | D:2      | Learned a level 3 spell: Frozen Ramparts
  2370 | D:3      | Reached skill level 5 in Stealth
  2370 | D:3      | Reached skill level 5 in Ice Magic
  2689 | D:3      | Reached XP level 5. HP: 28/31 MP: 4/8
  3601 | D:3      | Found a stormy altar of Qazlal.
  3841 | D:4      | Found a staircase to the Ecumenical Temple.
  3845 | D:4      | Got a scorched copper ring
  3856 | Temple   | Entered the Ecumenical Temple
  3960 | Temple   | Identified the ring of Calan {rElec rPois MP+9 Int+6 Dex+3}
                  | (You found it on level 4 of the Dungeon)
  3992 | Temple   | Became a worshipper of Sif Muna the Loreminder
  4345 | D:4      | Reached XP level 6. HP: 36/36 MP: 9/9
  4350 | D:4      | Learned a level 3 spell: Ozocubu's Armour
  4483 | D:4      | Reached skill level 6 in Stealth
  4655 | D:4      | Found a radiant altar of Vehumet.
  4706 | D:4      | You fall into a shaft and drop 3 floors!
  4765 | D:6      | Noticed an orc warrior
  4773 | D:6      | Reached * piety under Sif Muna
  4780 | D:6      | Killed an orc warrior
  4780 | D:6      | Reached XP level 7. HP: 33/41 MP: 10/10
  4833 | D:6      | Noticed Pikel
  4837 | D:6      | HP: 8/41 [centaur/arrow (9)]
  4842 | D:6      | HP: 7/41 [adder (1)]
  4846 | D:5      | Entered Level 5 of the Dungeon
  4848 | D:5      | Reached skill level 7 in Stealth
  4871 | D:6      | HP: 5/41 [Pikel/+0 whip of flaming (5)]
  4878 | D:5      | Noticed Pikel
  4878 | D:5      | Pikel changed into Pikel the orb spider
  4884 | D:5      | Killed Pikel the orb spider
  4884 | D:5      | Reached skill level 9 in Stealth
  4884 | D:5      | Reached XP level 8. HP: 15/46 MP: 1/11
  5099 | D:6      | Reached skill level 10 in Stealth
  5099 | D:6      | Reached skill level 1 in Invocations
  5099 | D:6      | Shot with an arrow by a centaur

Illustrated notes

Levels and vault maps discovered:
D:1:      dpeg_arrival_connections, layout_basic
D:2:      layout_rooms, minmay_tetromino_i4, uniq_jessica
D:3:      layout_rooms, grunt_qazlal_sundering, first_ration
D:4:      cheibrodos_greedy_goblins, layout_gridville, lemuel_doored_altar,
          temple_fountains, fedhas_ov_isle_minmay
D:5:      layout_cave_pods, evilmike_ruin_ashenzari, corexii_hall_statues_s
D:6:      kennysheep_slugbush, layout_cave_pools, lemuel_coloured_pillars_altar,
          marbit_many_paths, portal_sewer_entry_d, uniq_pikel
D:7:      layout_layer_cave, basic_altar, the_bakery, st_stairs_4,
          elyvilon_altar_5
Temple:   jpeg_temple_clearing

Skill      XL: |  1  2  3  4  5  6  7  8 |
---------------+-------------------------+-----
Stealth        | 3 4 5 6 9 10 | 10.0
Ice Magic      | 5 6 7 8 |  8.0
Invocations    | 1 |  1.2
Dodging        | |  2.0
Spellcasting   | |  2.0

Action                   |  1- 3 |  4- 6 |  7- 9 || total
-------------------------+-------+-------+-------++-------
Melee: Unarmed           |     2 |       |       ||     2
       Dagger            |     8 |    45 |     8 ||    61
       Constrict         |     2 |    16 |     3 ||    21
       Tentacles         |       |     9 |     1 ||    10
Throw: Stone             |     9 |   106 |       ||   115
       Dart              |       |     5 |     1 ||     6
 Cast: Freeze            |    25 |    38 |    10 ||    73
       Frozen Ramparts   |       |    15 |     4 ||    19
       Ozocubu's Armour  |       |       |     4 ||     4
Evoke: Wand              |       |       |     1 ||     1
  Use: Scroll            |       |     7 |     4 ||    11
       Potion            |       |       |     2 ||     2
 Stab: Sleeping          |     9 |     3 |       ||    12
  Eat: Chunk             |     1 |    10 |     1 ||    12
       Ration            |       |     1 |       ||     1
Armor: Skin              |     3 |     7 |     6 ||    16
Dodge: Dodged            |    13 |    60 |    37 ||   110
